 Dungeon Crawl Stone Soup version 0.21.1-1-g345015f (webtiles) character file.

89 twistedcrescendo the Chopper (level 4, -9/37 HPs)
             Began as a Minotaur Gladiator on June 17, 2018.
             Killed by divine providence
             ... invoked by an orc priest
              (13 damage)
             ... on level 3 of the Dungeon.
             The game lasted 00:16:00 (1943 turns).

twistedcrescendo the Chopper (Minotaur Gladiator)   Turns: 1943, Time: 00:16:01

Health: -9/37      AC:  3    Str: 19    XL:     4   Next: 31%
Magic:  3/3        EV: 13    Int:  5    God:
Gold:   91         SH:  0    Dex: 12    Spells: 3/3 levels left

rFire    + . .     SeeInvis .   a - +0 war axe
rCold    x . .     Gourm    +   (no shield)
rNeg     + . .     Faith    .   b - +0 leather armour
rPois    .         Spirit   .   c - +0 hat
rElec    .         Reflect  .   (no cloak)
rCorr    .         Harm     .   (no gloves)
MR       .....                  (no boots)
Stlth    +.........             l - amulet of the gourmand
HPRegen  0.12/turn              e - ring of positive energy
MPRegen  0.08/turn              o - ring of fire

@: no status effects
A: retaliatory headbutt, horns 2
a: no special abilities


You were on level 3 of the Dungeon.
You were not hungry.

You visited 1 branch of the dungeon, and saw 3 of its levels.

You collected 91 gold pieces.

Inventory:

Hand Weapons
 a - a +0 war axe (weapon)
Armour
 b - a +0 leather armour (worn)
 c - a +0 hat (worn)
Jewellery
 e - a ring of positive energy (left hand)
 l - an amulet of the gourmand (around neck)
 o - a ring of fire (right hand)
Scrolls
 h - a scroll of magic mapping {unknown}
 k - a scroll of fear
 m - a scroll of remove curse {unknown}
 n - a scroll of identify {unknown}
Potions
 g - 2 potions of might {unknown}
 j - a potion of curing {unknown}
Books
 d - a book of Minor Magic

   Spells                             Type                      Level
   a - Magic Dart                     Conjuration                  1
   b - Blink                          Translocation                2
   c - Call Imp                       Summoning                    2
   d - Slow                           Hexes                        2
   e - Conjure Flame                  Conjuration/Fire             3
   f - Mephitic Cloud                 Conjuration/Poison/Air       3
Comestibles
 f - 4 rations
 i - 2 chunks of flesh


   Skills:
 + Level 2.7 Fighting
 + Level 4.8 Axes
 + Level 2.3 Throwing
 + Level 1.7 Armour
 + Level 4.0 Dodging
 + Level 0.1 Stealth


You had 3 spell levels left.
You didn't know any spells.

Dungeon Overview and Level Annotations

Branches:
Dungeon (3/15)

Altars:


Innate Abilities, Weirdness & Mutations

You reflexively headbutt those who attack you in melee.
You have a pair of horns on your head.


Message History

You hit the orc priest.
The orc priest is moderately wounded.
The orc priest calls down the wrath of Beogh upon you.
Beogh smites you!
You hit the orc priest but do no damage.
The orc priest is moderately wounded.
The orc priest hits you with a flail!
* * * LOW HITPOINT WARNING * * *
You barely miss the orc priest. Your headbutt misses the orc priest.
The orc priest is moderately wounded.
The orc priest barely misses you. You furiously retaliate!
You headbutt the orc priest, but do no damage.
Sorry, you're not good enough to have a special ability.
You hit the orc priest.
The orc priest is moderately wounded.
The orc priest hits you with a flail.
* * * LOW HITPOINT WARNING * * *
The orc priest calls down the wrath of Beogh upon you.
Beogh smites you!
You die...

...##...........#######
................#
#................#
....##.........#.# .#.[
#.........#o#
>.............o#.# ..
..........).#.#
##.........)##.#
..#.........#@#
###.........#..#
#................
#................
...................
.#......<#.........
#......###########
#...### #..


You could see an orc priest.

Vanquished Creatures
  3 adders (D:2)
  A worm (D:2)
  2 dart slugs
  2 leopard geckos (D:2)
  4 orcs (D:3)
  3 giant cockroaches (D:2)
  6 goblins
  5 hobgoblins
  6 jackals (D:2)
  A quokka (D:2)
  4 bats
  A frilled lizard (D:2)
  4 kobolds
  3 rats
45 creatures vanquished.

Notes
Turn   | Place    | Note
-------+----------+-------------------------------------------
     0 | D:1      | twistedcrescendo the Minotaur Gladiator began the quest for the Orb.
     0 | D:1      | Reached XP level 1. HP: 18/18 MP: 0/0
   320 | D:1      | Reached XP level 2. HP: 25/25 MP: 1/1
  1174 | D:2      | Reached XP level 3. HP: 29/30 MP: 2/2
  1178 | D:2      | Reached skill level 1 in Armour
  1485 | D:2      | Found a faded altar of an unknown god.
  1611 | D:2      | Reached XP level 4. HP: 36/37 MP: 3/3
  1943 | D:3      | Killed from afar by an orc priest

Skill      XL: |  1  2  3 |
---------------+----------+-----
Axes           | 4 |  4.8
Armour         | 1 |  1.7
Dodging        | 4 |  4.0
Fighting       | |  2.7
Throwing       | |  2.3
Stealth        | |  0.1

Action                   |  1- 3 |  4- 6 || total
-------------------------+-------+-------++-------
Melee: War axe           |    62 |    27 ||    89
       Headbutt          |     6 |     1 ||     7
Throw: Throwing net      |     7 |       ||     7
  Use: Scroll            |       |     1 ||     1
 Stab: Distracted        |     1 |       ||     1
  Eat: Chunk             |     2 |     1 ||     3
Armor: Leather armour    |    14 |     6 ||    20
Dodge: Dodged            |    50 |    16 ||    66
